[Event "International chess holiday M21"]
[Site "Praha"]
[Date "2012.07.24"]
[Round "4"]
[White "Thomasson, Staffan"]
[Black "Hanko, Pavel"]
[Result "0-1"]
[ECO "D01"]
[WhiteElo "1931"]
[BlackElo "2169"]
[Annotator ",Martin"]
[PlyCount "58"]
[TimeControl "240+2"]

1. d4 Nf6 2. Bg5 g6 3. Nc3 d5 4. e3 Bg7 5. f4 O-O 6. Nf3
Bf5 7. Bd3 Ne4 8. O-O Nxg5 9. Nxg5 e6 10. g4 Bxd3 11. Qxd3 c5 12. Ne2 Nd7 13.
Rf2 Nf6 14. Rg2 Qb6 15. Rf1 Qxb2 16. h4 Qxa2 17. f5 exf5 18. gxf5 Qc4 19. Qd2
Rae8 20. Nf4 Ne4 21. Nxe4 Rxe4 22. h5 cxd4 23. hxg6 fxg6 24. Nxg6 dxe3 25. Qe1
hxg6 26. Rxg6 Rg4+ 27. Rxg4 Qxg4+ 28. Kh1 Rxf5 29. Rxf5 Qxf5 0-1

[Event "International chess holiday M21"]
[Site "Praha"]
[Date "2012.07.24"]
[Round "4"]
[White "Gregor, Jiøí"]
[Black "Powierski, Emil"]
[Result "1-0"]
[ECO "E12"]
[WhiteElo "2281"]
[BlackElo "2136"]
[Annotator ",Martin"]
[PlyCount "87"]
[TimeControl "240+2"]

1. d4 Nf6 2. c4 e6 3. Nf3 b6 4. a3 Bb7 5. Nc3 d5 6. Bg5
Be7 7. e3 O-O 8. Rc1 Nbd7 9. cxd5 exd5 10. Bd3 c5 11. O-O h6 12. Bh4 Ne4 13.
Bxe7 Qxe7 14. Bb1 Nxc3 15. Rxc3 c4 16. Re1 b5 17. Bf5 a5 18. Rc1 Rfe8 19. a4 b4
20. e4 dxe4 21. Bxd7 Qxd7 22. Ne5 Qd5 23. Nxc4 Rad8 24. Re2 Re6 25. Rd2 Rc6 26.
Ne3 Rxc1 27. Qxc1 Qc6 28. Qd1 Qg6 29. d5 f5 30. Nc4 f4 31. Nxa5 e3 32. fxe3
fxe3 33. Nxb7 Qb6 34. Re2 Qxb7 35. Rxe3 Qa7 36. Qb3 Re8 37. d6+ Kh8 38. Kf2
Rf8+ 39. Ke1 Qd4 40. d7 Qh4+ 41. g3 Qxh2 42. Re8 Qh1+ 43. Kd2 Qg2+ 44. Kd1 neèitelné 1-0

[Event "International chess holiday K21"]
[Site "Praha"]
[Date "2012.07.24"]
[Round "4"]
[White "Schoenmakers, Nico"]
[Black "Powierski, Christian"]
[Result "1/2-1/2"]
[ECO "B13"]
[WhiteElo "1916"]
[BlackElo "1953"]
[Annotator ",Martin"]
[PlyCount "43"]
[TimeControl "240+2"]

1. e4 c6 2. d4 d5 3. exd5 cxd5 4. Nf3 Nc6 5. Nbd2 Nf6 6.
c3 Bg4 7. Bd3 e6 8. O-O Be7 9. Re1 O-O 10. h3 Bh5 11. Nf1 Bg6 12. Bxg6 hxg6 13.
N1h2 b5 14. Ng4 a5 15. Nfe5 Nxe5 16. Nxe5 Ra6 17. Qe2 Rb6 18. Bf4 Nd7 19. Nd3
Nf6 20. Ne5 Nd7 21. Nd3 Nf6 22. Ne5 1/2-1/2

[Event "International chess holiday K21"]
[Site "Praha"]
[Date "2012.07.24"]
[Round "4"]
[White "Schimmer, Michael"]
[Black "Krupièka, Josef"]
[Result "0-1"]
[ECO "B12"]
[WhiteElo "1884"]
[BlackElo "1879"]
[Annotator ",Martin"]
[PlyCount "64"]
[TimeControl "240+2"]

1. e4 c6 2. d4 d5 3. f3 dxe4 4. fxe4 e5 5. Nf3 exd4 6. Bc4
Be6 7. Bxe6 fxe6 8. O-O Be7 9. Ne5 Nf6 10. Bg5 O-O 11. Nd2 Nbd7 12. Nd3 e5 13.
Qe2 Qc7 14. Rf5 g6 15. Rf3 Rf7 16. Raf1 Kg7 17. Qf2 h6 18. Bh4 Rff8 19. h3 c5
20. Qe2 c4 21. Nf2 b5 22. Ng4 Qb6 23. Kh1 h5 24. Nxf6 Bxf6 25. Qf2 Qe6 26. g4
hxg4 27. Bxf6+ Nxf6 28. hxg4 Rh8+ 29. Kg2 Qxg4+ 30. Rg3 Qe6 31. Qf3 Nh5 32. Rg5
Nf4+ 0-1

[Event "International chess holiday K21"]
[Site "Praha"]
[Date "2012.07.24"]
[Round "4"]
[White "Taylor, Robert"]
[Black "Koper, Štefan"]
[Result "0-1"]
[ECO "A41"]
[WhiteElo "1950"]
[BlackElo "1960"]
[Annotator ",Martin"]
[PlyCount "88"]
[TimeControl "240+2"]

1. c4 c6 2. d4 d6 3. Nc3 e6 4. e4 Ne7 5.
Nf3 d5 6. Bf4 Ng6 7. Be3 dxe4 8. Nxe4 Be7 9. Be2 O-O 10. O-O b6 11. Qc2 Nd7 12.
Rad1 Qc7 13. Neg5 Nf6 14. g3 c5 15. dxc5 bxc5 16. Nd2 Bb7 17. Bf3 Bxf3 18.
Ngxf3 Ng4 19. Qe4 Nxe3 20. Qxe3 a5 21. Nb1 Bf6 22. Rd2 Ne7 23. Na3 Nf5 24. Qe2
Rad8 25. Nb5 Rxd2 26. Nxd2 Qc6 27. Qe4 Qxe4 28. Nxe4 Bxb2 29. Nxc5 Rc8 30. Na4
Bf6 31. Rc1 h5 32. Nb6 Rc6 33. c5 Bd4 34. Nd7 f6 35. Rc4 e5 36. Ra4 Bxc5 37.
Rxa5 Bd4 38. Nxd4 Nxd4 39. Nc5 Rb6 40. Nd3 Rd6 41. Kg2 g5 42. Nc5 Kf7 43. a4
Ne6 44. Ra7+ Kg6 0-1

[Event "International chess holiday K21"]
[Site "Praha"]
[Date "2012.07.24"]
[Round "4"]
[White "Hadžala, Daniel"]
[Black "Pokorný, Jan"]
[Result "0-1"]
[ECO "A16"]
[WhiteElo "2126"]
[BlackElo "1814"]
[Annotator ",Martin"]
[PlyCount "111"]
[TimeControl "240+2"]

1. Nf3 d6 2. g3 g6 3. c4 Bg7 4. Nc3 Nf6 5. Bg2 Nbd7 6. O-O
O-O 7. Qc2 a5 8. d4 c6 9. b3 e5 10. Bb2 Re8 11. e4 Qc7 12. Rfd1 Rb8 13. dxe5
dxe5 14. Na4 Bf8 15. c5 Bg7 16. Nd2 b5 17. cxb6 Nxb6 18. Nc5 Nbd7 19. Rac1 Rd8
20. Nxd7 Bxd7 21. Nc4 Ne8 22. Qc3 a4 23. bxa4 Be6 24. Rxd8 Qxd8 25. Ba3 Bh6 26.
Rf1 f6 27. a5 Nc7 28. Nb6 Bd2 29. Qxc6 Bxa5 30. Nd5 Nxd5 31. exd5 Bd7 32. Qd6
Bc7 33. Qc5 Bb6 34. Qe7 Qxe7 35. Bxe7 Kf7 36. Bd6 Ra8 37. a3 Ra6 38. Bb4 Ba5
39. f4 Bxb4 40. axb4 Ke7 41. fxe5 fxe5 42. Rb1 Kd6 43. Rb2 Bf5 44. Kf2 Bd3 45.
Ke3 Bc4 46. Be4 Ra3+ 47. Kf2 Bb5 48. h4 Ra1 49. Rb3 Rf1+ 50. Kg2 Rd1 51. Rf3
Rd4 52. Rf6+ Ke7 53. Re6+ Kd7 54. Bf3 Rxb4 55. Rxe5 Rb2+ 56. Kh3 0-1

[Event "International chess holiday K22"]
[Site "Praha"]
[Date "2012.07.24"]
[Round "4"]
[White "Franìk, Jan"]
[Black "Hánl, František"]
[Result "1/2-1/2"]
[ECO "B76"]
[WhiteElo "1965"]
[BlackElo "1911"]
[Annotator ",Martin"]
[PlyCount "62"]
[TimeControl "240+2"]

1. e4 c5 2. d4 cxd4 3. Nf3 d6 4. Nxd4 Nf6 5. Nc3 g6 6. Be3
Bg7 7. f3 Nc6 8. Qd2 O-O 9. O-O-O d5 10. Kb1 Nxd4 11. e5 Nf5 12. exf6 Bxf6 13.
Nxd5 Qxd5 14. Qxd5 Nxe3 15. Qd3 Nxd1 16. Qxd1 Be6 17. Bb5 a6 18. Ba4 Rad8 19.
Qe2 Rd4 20. Bb3 Bxb3 21. axb3 Rfd8 22. g4 R8d7 23. h4 e6 24. c3 Rd2 25. Qe3 Rg2
26. Qf4 Rdd2 27. Ka1 Rxb2 28. Qxf6 Ra2+ 29. Kb1 Rab2+ 30. Ka1 Ra2+ 31. Kb1
Rab2+ 1/2-1/2

[Event "International chess holiday K22"]
[Site "Praha"]
[Date "2012.07.24"]
[Round "4"]
[White "Borries, Barbara"]
[Black "Krischke, Arnold"]
[Result "1/2-1/2"]
[ECO "B13"]
[WhiteElo "1647"]
[BlackElo "2039"]
[Annotator ",Martin"]
[PlyCount "118"]
[TimeControl "240+2"]

1. e4 c6 2. d4 d5 3. exd5 cxd5 4. Bd3 Nc6 5. c3 g6 6. Nf3 Bg7 7. O-O Bf5 8. Re1
Nf6 9. Bg5 Qb6 10. Bxf6 Bxf6 11. Re2 Bxd3 12. Qxd3 O-O 13. Na3 a6 14. Rc1 Rac8
15. Rce1 Qc7 16. Nc2 e6 17. Ne5 Nxe5 18. dxe5 Bg7 19. Nd4 Qc4 20. Qxc4 Rxc4 21.
g4 b5 22. a3 Rb8 23. h3 a5 24. Nc2 Bf8 25. Rd1 b4 26. axb4 axb4 27. cxb4 Rbc8
28. Ne1 Bxb4 29. Nf3 Rc2 30. Rxc2 Rxc2 31. b3 Rb2 32. Rd3 Bc5 33. Nd2 g5 34.
Kg2 Kg7 35. Kf3 f6 36. exf6+ Kxf6 37. Kg2 Ke5 38. Kg3 Rc2 39. h4 h6 40. hxg5 hxg5 41. Kg2 Kf4 42. Kh3 Ke5 43. Kg3 d4 44. Kf3 Rc3 45. Ke2 Kd5 46. Nf3 Rc2+ 47. Rd2 Rxd2+ 48. Kxd2 Bd6 49. Kd3 Be7 50. Nxd4 Bc5 51. Nf3 Bxf2 52. Nxg5 Ke5 53. Ne4 Be1 54. Ke3 Bb4 55. Kf3 Be7 56. Nd2 Bc5 57. Ne4 Bf8 58. Nf2 Be7 59. Nd3+ Kd4 1/2-1/2

[Event "International chess holiday K22"]
[Site "Praha"]
[Date "2012.07.24"]
[Round "4"]
[White "Lakoviè, Igor"]
[Black "Èisárik, Pavol"]
[Result "1/2-1/2"]
[ECO "A45"]
[WhiteElo "1936"]
[BlackElo "1728"]
[Annotator ",Martin"]
[PlyCount "75"]
[TimeControl "240+2"]

1. d4 Nf6 2. Bg5 Ne4 3. Bf4 d5 4. e3 e6 5. Bd3 Bd6 6. Bxd6
Qxd6 7. c3 O-O 8. Nf3 b6 9. Nbd2 Bb7 10. O-O Nd7 11. Qc2 f5 12. c4 c5 13. cxd5
exd5 14. dxc5 bxc5 15. Rfd1 Ndf6 16. h3 Rfd8 17. Bf1 Qe7 18. Rac1 Rac8 19. Qa4
Bc6 20. Qa3 Rc7 21. Rc2 Nxd2 22. Rcxd2 Ne4 23. Rc2 Kh8 24. Qa6 g5 25. Nd2 d4
26. Nc4 f4 27. exd4 cxd4 28. Qa5 Rd5 29. Qa3 Qf6 30. Na5 Rd8 31. Nxc6 Rxc6 32.
Rxc6 Qxc6 33. Qxa7 Qc2 34. Qe7 Qxf2+ 35. Kh2 Qg3+ 36. Kg1 Qf2+ 37. Kh2 Qg3+ 38.
Kg1 1/2-1/2

[Event "International chess holiday K22"]
[Site "Praha"]
[Date "2012.07.24"]
[Round "4"]
[White "Vitek, Jan"]
[Black "Bilek, Roman"]
[Result "1/2-1/2"]
[ECO "B12"]
[WhiteElo "1970"]
[BlackElo "1972"]
[Annotator ",Martin"]
[PlyCount "120"]
[TimeControl "240+2"]

1. e4 c6 2. d4 d5 3. e5 Bf5 4. g4 Bd7 5. f4 h5 6. g5 Bf5
7. Bd3 Bxd3 8. Qxd3 e6 9. Nf3 Ne7 10. Nh4 Qa5+ 11. c3 Qa6 12. Qc2 g6 13. Be3
Nd7 14. Nd2 Rc8 15. b4 b6 16. Nb3 Qa3 17. Qc1 Qa4 18. Qd2 c5 19. bxc5 bxc5 20.
dxc5 Qe4 21. O-O Nf5 22. Nxf5 Qxf5 23. Qe2 Qg4+ 24. Qxg4 hxg4 25. Rab1 Rh3 26.
Bd4 Nxc5 27. Nxc5 Bxc5 28. Rb7 Bxd4+ 29. cxd4 Ra3 30. Rf2 Rc1+ 31. Kg2 Ra1 32.
Rb8+ Ke7 33. Rb7+ Kf8 34. Rc2 R1xa2 35. Rxa2 Rxa2+ 36. Kg3 a5 37. Ra7 a4 38.
Kxg4 a3 39. Kg3 Ra1 40. h3 a2 41. Kg2 Ke8 42. h4 Kd8 43. Kh2 Kc8 44. h5 Kb8 45.
Ra3 gxh5 46. f5 exf5 47. e6 fxe6 48. g6 Rc1 49. Rxa2 Rc7 50. Re2 Re7 51. Kg3
Kc7 52. Kh4 Kd6 53. Kxh5 Re8 54. Kh6 Ke7 55. Kh7 Kf6 56. Rg2 f4 57. g7 Kf5 58.
g8=Q Rxg8 59. Rxg8 f3 60. Kh6 Ke4 1/2-1/2

[Event "International chess holiday K22"]
[Site "Praha"]
[Date "2012.07.24"]
[Round "4"]
[White "Wolf, Ulrich"]
[Black "Bouèek, Vlastimil"]
[Result "1-0"]
[ECO "C41"]
[WhiteElo "2056"]
[BlackElo "2008"]
[Annotator ",Martin"]
[PlyCount "141"]
[TimeControl "240+2"]

1. Nf3 d6 2. e4 e5 3. d4 Nd7 4. Bc4 Qe7 5. Nc3 c6 6. a4 g6
7. O-O f6 8. Be3 Nh6 9. h3 Nf7 10. Qd2 Bg7 11. Rad1 O-O 12. Bb3 Kh8 13. dxe5
dxe5 14. Qe2 b6 15. Rd2 Nb8 16. Rfd1 Be6 17. Bc4 h6 18. a5 b5 19. Bxe6 Qxe6 20.
Bc5 Rg8 21. Qe3 f5 22. Bxa7 f4 23. Qb6 Qc8 24. Ne2 Bf6 25. Bxb8 Rxb8 26. Qc5 b4
27. Rd7 Rb5 28. Qa7 Rg7 29. Rxf7 Rb7 30. Qxb7 Qxb7 31. Rxb7 Rxb7 32. Rd6 Kg7
33. Rxc6 Rb5 34. Rb6 Rxa5 35. Rxb4 g5 36. g4 Be7 37. Rb7 Kf6 38. Nc3 Bc5 39.
Kg2 Bd4 40. Nd5+ Ke6 41. c3 Ba7 42. Re7+ Kd6 43. Nxe5 Ra2 44. Nd3 Ra1 45. Rh7
Kc6 46. Rxh6+ Kb5 47. N5b4 Kc4 48. e5 Bb8 49. e6 Bd6 50. Rg6 Ra5 51. Rg7 Ra8
52. Rxg5 Rh8 53. Rh5 Rf8 54. Rd5 Be7 55. Rd7 Bg5 56. Ne5+ Kb3 57. h4 Bf6 58.
Ng6 Re8 59. e7 Kxb2 60. Nd5 Bxe7 61. Rxe7 Rd8 62. Ngxf4 Kb3 63. g5 Rh8 64. h5
Kc4 65. g6 Kc5 66. g7 Rc8 67. h6 Kd6 68. h7 Rxc3 69. Nxc3 Kxe7 70. g8=Q Kd6 71.
Qe6+ 1-0

[Event "International chess holiday M21"]
[Site "Praha"]
[Date "2012.07.24"]
[Round "5"]
[White "Aigner, Georg"]
[Black "Thomasson, Staffan"]
[Result "1-0"]
[ECO "B01"]
[WhiteElo "2007"]
[BlackElo "1931"]
[Annotator ",Martin"]
[PlyCount "41"]
[TimeControl "240+2"]

1. e4 d5 2. exd5 Qxd5 3. Nc3 Qd6 4. d4 Nf6 5. Bc4 a6 6.
Nge2 Qc6 7. Qd3 Qxg2 8. Rg1 Qc6 9. d5 Qd7 10. Bf4 g6 11. O-O-O Bg7 12. h4 O-O
13. Ne4 Nxe4 14. Qxe4 Qd8 15. h5 Nd7 16. hxg6 hxg6 17. d6 e6 18. Rxg6 Nf6 19.
Rxg7+ Kxg7 20. Rg1+ Kh8 21. Rh1+ 1-0

[Event "International chess holiday M21"]
[Site "Praha"]
[Date "2012.07.24"]
[Round "5"]
[White "Nilsson, Anders"]
[Black "Dalling, Peter"]
[Result "1-0"]
[ECO "D03"]
[WhiteElo "2194"]
[BlackElo "1958"]
[Annotator ",Martin"]
[PlyCount "76"]
[TimeControl "240+2"]

1. d4 Nf6 2. Nf3 d5 3. c3 e6 4. Bg5 Be7 5. Nbd2 b6 6. e3
Bb7 7. Ne5 O-O 8. f4 Nbd7 9. Bb5 Nxe5 10. fxe5 Ne4 11. Bxe7 Qxe7 12. Nxe4 dxe4
13. O-O Qg5 14. Qe2 f5 15. exf6 gxf6 16. Rf4 f5 17. Bc4 Rf6 18. Raf1 Raf8 19.
Qf2 Kh8 20. Kh1 h5 21. Qh4 Qh6 22. Be2 Rg8 23. Qxh5 Qxh5 24. Bxh5 Ba6 25. R1f2
Rg5 26. Bd1 Rfg6 27. Rh4+ Kg7 28. Rh5 Rxh5 29. Bxh5 Rh6 30. Bd1 Rg6 31. Kg1 Bc8
32. Bc2 Rf6 33. Rf4 Rg6 34. Kf2 Rg5 35. Bb1 Bb7 36. h3 Rh5 37. Bc2 Kg6 38. Ba4
Bc8 1-0

[Event "International chess holiday M21"]
[Site "Praha"]
[Date "2012.07.24"]
[Round "5"]
[White "Michálek, František"]
[Black "Gregor, Jiøí"]
[Result "0-1"]
[ECO "B84"]
[WhiteElo "2071"]
[BlackElo "2281"]
[Annotator ",Martin"]
[PlyCount "62"]
[TimeControl "240+2"]

1. e4 c5 2. Nf3 d6 3. d4 cxd4 4. Nxd4 Nf6 5. Nc3 a6 6. a4
e6 7. Be2 Qc7 8. Be3 b6 9. O-O Bb7 10. f3 Nbd7 11. Nb3 Be7 12. Qe1 O-O 13. g4
Ne5 14. a5 b5 15. Bb6 Qc8 16. Nd2 b4 17. Na4 Qxc2 18. b3 Rac8 19. Be3 Nd3 20.
Qb1 Qxb1 21. Raxb1 Ne5 22. Nb6 Rc3 23. Kf2 Bxe4 24. Nxe4 Nexg4+ 25. Kg1 Rxe3
26. Bxa6 Nxe4 27. fxe4 Rxe4 28. Bb7 d5 29. Nd7 Rd8 30. Bc6 Bg5 31. Rf3 Rc8 0-1

[Event "International chess holiday M21"]
[Site "Praha"]
[Date "2012.07.24"]
[Round "5"]
[White "Hanko, Pavol"]
[Black "Moravec, Vít"]
[Result "1/2-1/2"]
[ECO "D67"]
[WhiteElo "2149"]
[BlackElo "2141"]
[Annotator ",Martin"]
[PlyCount "63"]
[TimeControl "240+2"]

1. d4 d5 2. Nf3 Nf6 3. c4 e6 4. Bg5 Be7 5. e3 O-O 6. Nc3
Nbd7 7. Rc1 c6 8. Bd3 dxc4 9. Bxc4 Nd5 10. Bxe7 Qxe7 11. Ne4 e5 12. dxe5 Nxe5
13. Bxd5 Nxf3+ 14. gxf3 cxd5 15. Qxd5 Be6 16. Qe5 Qb4+ 17. Qc3 Rac8 18. Qxb4
Rxc1+ 19. Ke2 Rxh1 20. Ng5 Bxa2 21. Nxh7 Bc4+ 22. Qxc4 Kxh7 23. Qe4+ Kg8 24.
Qxb7 Rxh2 25. Qxa7 Rc8 26. Qa4 Rh6 27. f4 Rb6 28. b3 Rcb8 29. f5 Rxb3 30. Qg4
f6 31. Qc4+ Kh7 32. Qh4+ 1/2-1/2

[Event "International chess holiday M21"]
[Site "Praha"]
[Date "2012.07.24"]
[Round "5"]
[White "Powierski, Emil"]
[Black "Knechtel, Roland"]
[Result "1/2-1/2"]
[ECO "B84"]
[WhiteElo "2092"]
[BlackElo "2217"]
[Annotator ",Martin"]
[PlyCount "128"]
[TimeControl "240+2"]

1. e4 c5 2. Nf3 d6 3. d4 cxd4 4. Nxd4 Nf6 5. Nc3 a6 6. Be2
e6 7. O-O Qc7 8. f4 Nbd7 9. Bf3 Rb8 10. a4 b6 11. Kh1 Bb7 12. Qe1 Qc4 13. Be3
h5 14. Rd1 Be7 15. Bc1 Qc7 16. Qe2 g6 17. f5 gxf5 18. exf5 e5 19. Nb3 Rc8 20.
Bg5 Bxf3 21. Qxf3 Qc6 22. Qe2 Rg8 23. h4 Qc4 24. Qf3 Qc6 25. Qe2 Qb7 26. Nc1
Rc6 27. N1a2 d5 28. Nxd5 Nxd5 29. Rxd5 Bxg5 30. hxg5 Rxg5 31. Rfd1 Nf6 32. Rd8+
Ke7 33. Nb4 Rc5 34. Nd3 Qe4 35. Rd7+ Kf8 36. Qxe4 Nxe4 37. Nxc5 Nf2+ 38. Kg1
Nxd1 39. Rxd1 bxc5 40. f6 Kg8 41. Rd5 h4 42. Kh2 Rg4 43. Rxe5 Rxa4 44. Rxc5 Kh7
45. Rc6 Kg6 46. b3 Ra2 47. Kh3 Kg5 48. Rc5+ Kxf6 49. Kxh4 Kg6 50. Kg4 Ra1 51.
Kf3 f6 52. b4 Rf1+ 53. Ke3 Rb1 54. c3 Rb3 55. Kd2 f5 56. Rc6+ Kg5 57. Rc8 Kf4
58. b5 Rb2+ 59. Kd3 Rxg2 60. Kc4 Ke5 61. Kc5 f4 62. c4 f3 63. b6 f2 64. Rf8 Ke4
1/2-1/2

[Event "International chess holiday K21"]
[Site "Praha"]
[Date "2012.07.24"]
[Round "5"]
[White "Koper, Stefan"]
[Black "Hadžala, Daniel"]
[Result "1/2-1/2"]
[ECO "E70"]
[WhiteElo "1960"]
[BlackElo "2126"]
[Annotator ",Martin"]
[PlyCount "22"]
[TimeControl "240+2"]

1. d4 Nf6 2. c4 g6 3. Nc3 Bg7 4. e4 d6 5. Nge2 e5 6. d5 c6
7. Ng3 O-O 8. Be2 a6 9. a4 a5 10. Bg5 Na6 11. O-O Nb4 1/2-1/2

[Event "International chess holiday K21"]
[Site "Praha"]
[Date "2012.07.24"]
[Round "5"]
[White "Krupièka, Josef"]
[Black "Taylor, Taylor"]
[Result "1/2-1/2"]
[ECO "D02"]
[WhiteElo "1879"]
[BlackElo "1950"]
[Annotator ",Martin"]
[PlyCount "38"]
[TimeControl "240+2"]

1. d4 Nf6 2. Nf3 b6 3. Bf4 Bb7 4. e3 e6 5. Be2 Be7 6. h3
O-O 7. O-O d6 8. Nbd2 Nbd7 9. Bd3 d5 10. c3 c5 11. b3 Ne4 12. Qc2 f5 13. Ne5
Nxe5 14. Bxe5 Ng5 15. Rad1 Bd6 16. Bxd6 Qxd6 17. f4 Nf7 18. Nf3 Rac8 19. Qe2
Qe7 1/2-1/2

[Event "International chess holiday K21"]
[Site "Praha"]
[Date "2012.07.24"]
[Round "5"]
[White "Schimmer, Michael"]
[Black "Powierski, Christian"]
[Result "1/2-1/2"]
[ECO "D04"]
[WhiteElo "1884"]
[BlackElo "1953"]
[Annotator ",Martin"]
[PlyCount "55"]
[TimeControl "240+2"]

1. d4 Nf6 2. Nf3 c5 3. e3 d5 4. b3 Nc6 5. Bd3 Bg4 6. Bb2
e6 7. O-O Be7 8. Nbd2 O-O 9. a3 a6 10. Qe1 b5 11. dxc5 Bxc5 12. e4 Bxf3 13.
Nxf3 Rc8 14. Bxf6 Qxf6 15. b4 Bb6 16. exd5 exd5 17. Qd2 Nd4 18. Nxd4 Bxd4 19.
Rad1 Bc3 20. Qe2 Rfe8 21. Qh5 g6 22. Qxd5 Rcd8 23. Qb3 Bd4 24. c4 Re5 25. cxb5
axb5 26. Qc2 Rh5 27. g3 Rhd5 28. Qe2 1/2-1/2

[Event "International chess holiday K21"]
[Site "Praha"]
[Date "2012.07.24"]
[Round "5"]
[White "Derfiòák, Patrik"]
[Black "Schoenmakers, Nico"]
[Result "1-0"]
[ECO "B22"]
[WhiteElo "1992"]
[BlackElo "1916"]
[Annotator ",Martin"]
[PlyCount "157"]
[TimeControl "240+2"]

1. e4 c5 2. c3 d5 3. exd5 Qxd5 4. d4 Nf6 5. Nf3 Bg4 6. Be2
e6 7. O-O Be7 8. Na3 O-O 9. Nb5 Na6 10. h3 Bh5 11. c4 Qd8 12. a3 Nc7 13. Nc3 a6
14. dxc5 Bxc5 15. b4 Be7 16. Qb3 Qc8 17. Be3 Rd8 18. Na4 Nd7 19. Rac1 e5 20.
Rfe1 Bg6 21. c5 Qb8 22. c6 bxc6 23. Rxc6 Be4 24. Rcc1 Ne6 25. Bc4 Bxf3 26. Bxe6
fxe6 27. Qxe6+ Kf8 28. Qf5+ Bf6 29. Qxf3 a5 30. Nc5 Nxc5 31. Bxc5+ Kg8 32. Red1
Qb5 33. Rxd8+ Rxd8 34. Rd1 Rc8 35. Qd5+ Kh8 36. Qd7 Qb8 37. Qa4 axb4 38. axb4
h6 39. Rd7 e4 40. g3 Be5 41. Kg2 Re8 42. Qa7 Qb5 43. Re7 Rxe7 44. Qxe7 Qb8 45.
Qf8+ Qxf8 46. Bxf8 Kg8 47. Bc5 Kf7 48. Kf1 Ke6 49. Ke2 Kd5 50. Ke3 h5 51. Ba7
h4 52. gxh4 g6 53. b5 Bf6 54. Kf4 Bxh4 55. Kg4 Be7 56. Be3 Bd8 57. b6 Kc6 58.
Kf4 Kd5 59. b7 Bc7+ 60. Kg5 Kc6 61. Kxg6 Kxb7 62. Kf5 Kc6 63. Kxe4 Kd7 64. Kf5
Ke8 65. Kf6 Kf8 66. Bd4 Kg8 67. Kg6 Bd8 68. Bf6 Bb6 69. f4 Be3 70. f5 Bf4 71.
h4 Bd6 72. h5 Bf8 73. h6 Bxh6 74. Kxh6 Kf7 75. Be5 Kg8 76. Kg6 Kf8 77. f6 Ke8
78. f7+ Ke7 79. Kg7 1-0

[Event "International chess holiday K22"]
[Site "Praha"]
[Date "2012.07.24"]
[Round "5"]
[White "Èisárik, Pavol"]
[Black "Vítek, Jan"]
[Result "1/2-1/2"]
[ECO "C06"]
[WhiteElo "1728"]
[BlackElo "1970"]
[Annotator ",Martin"]
[PlyCount "22"]
[TimeControl "240+2"]

1. e4 e6 2. d4 d5 3. Nd2 Nf6 4. e5 Nfd7 5. Bd3 c5 6. c3
Nc6 7. Ne2 Qb6 8. Nf3 cxd4 9. cxd4 f6 10. exf6 Nxf6 11. O-O Bd6 1/2-1/2

[Event "International chess holiday K22"]
[Site "Praha"]
[Date "2012.07.24"]
[Round "5"]
[White "Krischke, Arnold"]
[Black "Wolf, Ulrich"]
[Result "1/2-1/2"]
[ECO "A30"]
[WhiteElo "2039"]
[BlackElo "2056"]
[Annotator ",Martin"]
[PlyCount "43"]
[TimeControl "240+2"]

1. c4 c5 2. g3 Nf6 3. Bg2 e6 4. Nf3 d6 5. d4 cxd4 6. Nxd4
a6 7. O-O Qc7 8. b3 Be7 9. Bb2 O-O 10. Nc3 Nbd7 11. Qd2 Rd8 12. Rfd1 Rb8 13.
Rac1 Ne5 14. h3 Bd7 15. f4 Ng6 16. e4 Rbc8 17. Kh2 Qb8 18. Qe2 Bf8 19. h4 e5
20. fxe5 Nxe5 21. Bh3 Bxh3 22. Kxh3 1/2-1/2

[Event "International chess holiday K22"]
[Site "Praha"]
[Date "2012.07.24"]
[Round "5"]
[White "Hánl, František"]
[Black "Lakoviè, Igor"]
[Result "0-1"]
[ECO "C93"]
[WhiteElo "1911"]
[BlackElo "1936"]
[Annotator ",Martin"]
[PlyCount "60"]
[TimeControl "240+2"]

1. e4 e5 2. Nf3 Nc6 3. Bb5 a6 4. Ba4 Nf6 5. O-O Be7 6. Re1
b5 7. Bb3 d6 8. c3 O-O 9. h3 h6 10. d4 Re8 11. Nbd2 Bf8 12. Nf1 Bd7 13. Ng3 Na5
14. Bc2 Nc4 15. b3 Nb6 16. Qd3 c5 17. d5 c4 18. bxc4 Nxc4 19. Nh4 g6 20. Qf3
Nh7 21. Ngf5 gxf5 22. Qg3+ Kh8 23. exf5 Qf6 24. Ng6+ fxg6 25. fxg6 Ng5 26. h4
Nh3+ 27. gxh3 Bg7 28. f4 exf4 29. Bxf4 Qxc3 30. Bd3 Qd4+ 0-1

[Event "International chess holiday K22"]
[Site "Praha"]
[Date "2012.07.24"]
[Round "5"]
[White "Bílek, Roman"]
[Black "Borries, Barbara"]
[Result "1/2-1/2"]
[ECO "C90"]
[WhiteElo "1972"]
[BlackElo "1873"]
[Annotator ",Martin"]
[PlyCount "123"]
[TimeControl "240+2"]

1. e4 e5 2. Nf3 Nc6 3. Bb5 a6 4. Ba4 Nf6 5. O-O b5 6. Bb3
Be7 7. Re1 d6 8. h3 Bb7 9. c3 Na5 10. Bc2 c5 11. d4 cxd4 12. cxd4 Qc7 13. d5
Nc4 14. b3 Nb6 15. Bd2 Rc8 16. Bd3 O-O 17. Ba5 Nfd7 18. Na3 Qb8 19. Re2 Rc7 20.
Rc1 Rfc8 21. Rec2 Rxc2 22. Rxc2 Rxc2 23. Nxc2 Nc8 24. Ne3 Qa7 25. Qd2 Nc5 26.
Bc2 Nb6 27. Nf5 Bf8 28. Qe3 Nc8 29. b4 Nd7 30. Qxa7 Nxa7 31. Bc7 Nc8 32. Nd2 g6
33. Ne3 Nf6 34. Nb3 Ne8 35. Bd8 Be7 36. Bxe7 Nxe7 37. Na5 Ba8 38. g4 h6 39. a4
Nc7 40. f3 Nc8 41. axb5 axb5 42. Bd3 Na7 43. h4 Kf8 44. Kf2 Na6 45. Nc2 Ke7 46.
Ke3 Kd7 47. Kd2 Kc7 48. Kc3 Kb6 49. Ne3 Bb7 50. Nxb7 Kxb7 51. g5 h5 52. Bf1 Kc7
53. Bh3 Kd8 54. Ng2 Ke7 55. f4 exf4 56. Nxf4 Kd8 57. Nd3 Ke7 58. Kd4 f6 59.
gxf6+ Kxf6 60. Bd7 Ke7 61. Bh3 Kf6 62. Bd7 1/2-1/2

[Event "International chess holiday K22"]
[Site "Praha"]
[Date "2012.07.24"]
[Round "5"]
[White "Bouèek, Vlastimil"]
[Black "Franìk, Jan"]
[Result "1-0"]
[ECO "C20"]
[WhiteElo "2008"]
[BlackElo "1965"]
[Annotator ",Martin"]
[PlyCount "74"]
[TimeControl "240+2"]

1. e4 e5 2. d3 Nc6 3. c3 d5 4. Qe2 Be6 5. g3 Qd7 6. f3
O-O-O 7. h4 f6 8. Nh3 h5 9. Nf2 Nh6 10. Qc2 Nf7 11. a4 d4 12. a5 a6 13. Be2 g5
14. Nd2 Be7 15. Nf1 Bd6 16. Bd2 Rdg8 17. Qc1 Rg7 18. Bd1 Nfd8 19. Ra4 gxh4 20.
Rxh4 Rhh7 21. c4 Qe7 22. f4 Bf7 23. f5 Be8 24. Ra1 Bb4 25. Nh3 Qc5 26. Bxb4
Nxb4 27. Qd2 Kb8 28. Ng1 b6 29. Ne2 Ndc6 30. axb6 cxb6 31. Nc1 Na5 32. Ba4 Bxa4
33. Rxa4 Nac6 34. Nb3 Qf8 35. Ke2 a5 36. Ra3 Rg4 37. Rh3 h4 neèitelné 1-0

[Event "International chess holiday M21"]
[Site "Praha"]
[Date "2012.07.25"]
[Round "6"]
[White "Knechtel, Roland"]
[Black "Michálek, František"]
[Result "1-0"]
[ECO "A20"]
[WhiteElo "2189"]
[BlackElo "2071"]
[Annotator ",Martin"]
[PlyCount "65"]
[TimeControl "240+2"]

1. c4 e5 2. e3 Nf6 3. a3 d5 4. cxd5 Nxd5 5. Nf3 Bd6 6. b4
O-O 7. Qc2 Bg4 8. Be2 Nd7 9. Bb2 Qe7 10. d3 a6 11. Nbd2 c6 12. O-O Rfe8 13. Ne4
f5 14. Nxd6 Qxd6 15. Rfd1 Qe7 16. Rac1 Rf8 17. Re1 Rae8 18. Qb3 Kh8 19. h3 Bxf3
20. Bxf3 e4 21. Bh5 Rd8 22. Bd4 Qg5 23. Be2 Rde8 24. Qb2 Re6 25. dxe4 fxe4 26.
Bf1 Ne5 27. Bxe5 Rxe5 28. Rc4 h6 29. g3 Ref5 30. Re2 Nxe3 31. Rxe3 Rxf2 32.
Qxf2 Rxf2 33. Kxf2 1-0

[Event "International chess holiday M21"]
[Site "Praha"]
[Date "2012.07.25"]
[Round "6"]
[White "Aigner, Georg"]
[Black "Powierski, Emil"]
[Result "1/2-1/2"]
[ECO "B90"]
[WhiteElo "2007"]
[BlackElo "2092"]
[Annotator ",Martin"]
[PlyCount "71"]
[TimeControl "240+2"]

1. e4 c5 2. Nf3 d6 3. d4 cxd4 4. Nxd4 Nf6 5. Nc3 a6 6. Bd3
Nc6 7. Nxc6 bxc6 8. O-O g6 9. h3 Bg7 10. Bc4 O-O 11. Qd3 Nd7 12. Qe2 Ne5 13. f4
Nxc4 14. Qxc4 Qb6+ 15. Kh1 a5 16. Na4 Qc7 17. Qb3 Ba6 18. Re1 Rab8 19. Qf3 Rb4
20. Nc3 Rfb8 21. b3 R4b7 22. Bb2 Ra7 23. Nd1 a4 24. Bxg7 Kxg7 25. Nc3 axb3 26.
axb3 Rba8 27. h4 Bc8 28. Rxa7 Rxa7 29. h5 Qd7 30. hxg6 hxg6 31. Qe3 Ra5 32. Nd5
f6 33. b4 Ra6 34. Nb6 Qc7 35. Nxc8 Qxc8 36. e5 1/2-1/2